 Dungeon Crawl Stone Soup version 0.26-a0-278-g3b0d5afba5 (webtiles) character file.

Game seed: 8387109314162890321

10679 BritishOli the Fighter (level 11, 0/90 HPs)
             Began as a Demonspawn Fighter on July 12, 2020.
             Was a Priest of Okawaru.
             Hit by a javelin thrown by a minotaur (4 damage)
             ... in a Gauntlet.
             The game lasted 00:19:07 (14788 turns).

BritishOli the Fighter (Demonspawn Fighter)        Turns: 14788, Time: 00:19:08

Health: 0/90       AC: 13    Str: 27    XL:     11   Next: 39%
Magic:  0/11       EV:  9    Int:  5    God:    Okawaru [***...]
Gold:   615        SH: 12    Dex: 15    Spells: 10/10 levels left

rFire    + + .     SeeInvis .   F - +2 falchion (drain)
rCold    x . .     Faith    .   c - +0 kite shield
rNeg     . . .     Spirit   +   h - +0 fire dragon scales
rPois    +         Reflect  .   (helmet restricted)
rElec    .         Harm     .   (no cloak)
rCorr    .         NoTele   +   (no gloves)
MR       .....                  t - +1 pair of boots
Stlth    +.........             L - amulet of magic regeneration
HPRegen  0.25/turn              M - ring "Ethre Izydgh" {Str+3 Int-4 Dex+6 Slay+6}
MPRegen  0.37/turn              y - ring of the Country {rPois Str+4 Dex-4}

@: no status effects
A: antennae 1, demonic guardian 2, magic shield, sturdy frame 2
a: Heroism, Renounce Religion


You were in a Gauntlet.
You worshipped Okawaru.
Okawaru was most pleased with you.
You visited 2 branches of the dungeon, and saw 12 of its levels.
You also visited: Ossuary and Gauntlet.

You collected 615 gold pieces.

Inventory:

Hand Weapons
 F - a +2 falchion of draining (weapon)
Armour
 c - a +0 kite shield (worn)
 h - +0 fire dragon scales (worn)
 t - a +1 pair of boots (worn)
Jewellery
 y - the ring of the Country (right hand) {rPois Str+4 Dex-4}
   (You found it on level 4 of the Dungeon)

   [ring of dexterity]

   It affects your strength (+4).
   It affects your dexterity (-4).
   It protects you from poison.
 C - an uncursed ring of protection from fire
 H - an uncursed ring of flight {unknown}
 I - an uncursed ring of magical power {unknown}
 L - an amulet of magic regeneration (around neck)
 M - the ring "Ethre Izydgh" (left hand) {Str+3 Int-4 Dex+6 Slay+6}
   (You found it in a Gauntlet)

   [ring of dexterity]

   It affects your strength (+3).
   It affects your intelligence (-4).
   It affects your dexterity (+6).
   It affects your accuracy and damage with ranged weapons and melee attacks
   (+6).
Wands
 i - a wand of iceblast (5)
 r - a wand of digging (11)
 w - a wand of flame (28)
 D - a wand of disintegration (27)
 E - a wand of polymorph (7)
 J - a wand of random effects (23)
Scrolls
 b - 3 scrolls of fog
 e - 4 scrolls of amnesia
 f - 9 scrolls of teleportation
 g - 2 scrolls of enchant armour
 p - 3 scrolls of magic mapping
 v - 3 scrolls of blinking
 x - 2 scrolls of fear
 z - 3 scrolls of identify
 A - 9 scrolls of remove curse
 B - 2 scrolls of enchant weapon
 K - a scroll of holy word {unknown}
Potions
 a - 2 potions of brilliance {unknown}
 d - 2 potions of might
 j - 4 potions of stabbing
 k - 3 potions of ambrosia {unknown}
 l - 9 potions of curing
 m - 9 potions of lignification
 n - 3 potions of haste {unknown}
 o - 3 potions of invisibility {unknown}
 q - 7 potions of heal wounds {unknown}
 s - a potion of flight {unknown}
 u - a potion of cancellation {unknown}
 G - a potion of degeneration {unknown}


   Skills:
 + Level 9.6 Fighting
 + Level 8.6 Long Blades
 + Level 8.8 Armour
 + Level 8.8 Shields


You had 10 spell levels left.
You didn't know any spells.
Your spell library contained the following spells:

 Spells                   Type           Power        Failure   Level
 Beastly Appendage        Tmut           #.....       86%         1
 Foxfire                  Conj/Fire      #...         86%         1
 Ensorcelled Hibernation  Hex/Ice        #.....       94%         2
 Sticks to Snakes         Tmut           #.......     94%         2
 Conjure Flame            Conj/Fire      #.......     99%         3
 Inner Flame              Hex/Fire       #.......     99%         3
 Spider Form              Tmut/Pois      #.........   99%         3
 Ice Form                 Ice/Tmut       #.......     100%        4
 Sticky Flame             Conj/Fire      #.......     100%        4
 Blade Hands              Tmut           #.........   100%        5
 Borgnjor's Vile Clutch   Necr/Erth      #.........   100%        5
 Fireball                 Conj/Fire      #.........   100%        5
 Silence                  Hex/Air        #.........   100%        5
 Darkness                 Hex            #.........   100%        6
 Shadow Creatures         Summ           N/A          100%        6


Dungeon Overview and Level Annotations

Branches:
Dungeon (11/15)            Temple (1/1) D:6            Lair (0/6) D:9
Ossuary (visited)         Gauntlet (1/1)
    Orc: D:9-12

Altars:
Ashenzari
Cheibriados
Dithmenos
Elyvilon
Fedhas
Gozag
Hepliaklqana
Kikubaaqudgha
Makhleb
Nemelex Xobeh
Okawaru
Qazlal
Ru
Sif Muna
Trog
Uskayaw
Vehumet
Wu Jian
Xom
Yredelemnul
Zin
The Shining One

Annotations:
D:6 3 runed translucent doors, Sickboy's ghost, novice DECj
D:9 2 transporters, BritishOli's ghost, novice DsFi
D:11 2 transporters, miami27's ghost, journeyman GrFi Gauntlet 8 transporters


Innate Abilities, Weirdness & Mutations

You have a pair of small antennae on your head.
A demonic guardian rushes to your aid.
When hurt, damage is shared between your health and your magic reserves.
Your movements are less encumbered by armour. (ER -4)


Message History

Your ice devil hits the minotaur but does no damage.
Your orange demon stings the minotaur but does no damage.
Your orange demon hits the minotaur.
The minotaur hits you!!
* * * LOW HITPOINT WARNING * * *
You block the minotaur's attack.
Your orange demon barely misses the minotaur.
Your orange demon hits the minotaur.
The minotaur looks weaker.
The minotaur throws a javelin.
The javelin pierces through you!
* * * LOW HITPOINT WARNING * * *
You swap places.
Your ice devil hits the minotaur but does no damage.
The minotaur hits your ice devil.
The minotaur gores your ice devil but does no damage.
You see here a javelin.
Your ice devil hits the minotaur but does no damage.
The minotaur throws a javelin.
The javelin pierces through your ice devil!
The javelin pierces through your orange demon!
The javelin pierces through you!
You die...

#§..#########.#########.########
##..............................
#≈..............8.∩.8...........
###≈#≈#§#≈#§#############§#≈#≈#≈
############.........#########
##...©.©.©...## #.............#
#.##.##(##.##.#
##.##@##(##.##.##
#.....(.........#
#.##.##4##.##.###
.##.##4##.##.###
#.......H..(....#
###.##.#'###.##.# #. #.#.# .# ..
..#.# . #.##.# #.


You could see a minotaur (weak, drained), a friendly orange demon (summoned) and
a friendly ice devil (summoned).

Vanquished Creatures
  A harpy (shapeshifter) (Gauntlet)
  A moth of wrath (shapeshifter) (Gauntlet)
  An eye of devastation (Gauntlet)
  A komodo dragon (D:6)
  A hornet (D:7)
  A dream sheep (shapeshifter) (Gauntlet)
  2 wyverns
  19 yaks
  A floating eye (Gauntlet)
  5 orc warriors
  An ice beast (shapeshifter) (Gauntlet)
  5 sky beasts
  2 black bears
  An ice beast (D:7)
  A necrophage (D:10)
  6 ogres
  3 wolves (Gauntlet)
  2 centaurs
  Blork the orc (D:5)
  A wyvern zombie (D:9)
  5 bullfrogs
  A water moccasin zombie (Ossuary)
  A wyvern skeleton (D:8)
  A scorpion (D:9)
  6 killer bees (D:8)
  4 howler monkeys
  3 bullfrog zombies
  2 centaur zombies (Ossuary)
  3 orc priests
  3 centaur skeletons
  11 orc wizards
  6 hounds
  2 bullfrog skeletons
  2 iguanas
  9 mummies (Ossuary)
  9 worker ants
  2 killer bee zombies (Ossuary)
  2 hound zombies (Ossuary)
  A hound skeleton (D:7)
  2 howler monkey zombies
  4 gnolls (D:9)
  11 adders
  4 shadow imps
  3 white imps
  2 ufetubi
  An ooze (D:7)
  4 adder zombies
  An adder skeleton (D:6)
  5 worms
  A dart slug (D:1)
  5 leopard geckos
  37 orcs
  A ball python (D:2)
  6 giant cockroaches
  8 goblins
  3 hobgoblins
  11 jackals
  5 quokkas
  4 bats
  3 frilled lizards
  3 kobolds
  3 quokka zombies
  3 rats (D:2)
259 creatures vanquished.

Vanquished Creatures (collateral kills)
  A necromancer (Gauntlet)
  Psyche (D:10)
  A hippogriff (D:8)
  An orc warrior (D:8)
  A phantom (D:6)
  2 wolves (Gauntlet)
  An ogre (D:5)
  A centaur (D:9)
  2 big kobolds (D:10)
  A howler monkey (D:6)
  A bullfrog zombie (Ossuary)
  A hound (D:6)
  3 orc wizards
  A worker ant (D:5)
  4 mummies (Ossuary)
  4 gnolls (D:2)
  An ufetubus (D:8)
  An adder zombie (Ossuary)
  5 orcs
  4 kobolds (D:10)
37 creatures vanquished.

Vanquished Creatures (others)
  A human (D:5)
  A plant (Gauntlet)
  A withered plant (Ossuary)
3 creatures vanquished.

Grand Total: 299 creatures vanquished

Notes
Turn   | Place    | Note
-------+----------+-------------------------------------------
     0 | D:1      | BritishOli the Demonspawn Fighter began the quest for the
                  | Orb.
     0 | D:1      | Reached XP level 1. HP: 18/18 MP: 1/1
   507 | D:1      | Gained mutation: Your movements are slightly less
                  | encumbered by armour. (ER -2) [demonic ancestry]
   507 | D:1      | Reached XP level 2. HP: 24/24 MP: 2/2
  1305 | D:2      | Gained mutation: A weak demonic guardian rushes to your
                  | aid. [demonic ancestry]
  1305 | D:2      | Reached XP level 3. HP: 29/29 MP: 3/3
  1783 | D:2      | Found a sparkling altar of Nemelex Xobeh.
  1790 | D:2      | Reached XP level 4. HP: 35/35 MP: 4/4
  2007 | D:2      | Found a sacrificial altar of Ru.
  2333 | D:3      | Found a hide-covered altar of Uskayaw.
  2335 | D:3      | Found a shattered altar of Ashenzari.
  2770 | D:3      | Found a bloodstained altar of Trog.
  2970 | D:4      | Found a white marble altar of Elyvilon.
  2971 | D:4      | Got a scorched jade ring
  2996 | D:4      | Identified the cursed ring of the Country {rPois Str+4
                  | Dex-4} (You found it on level 4 of the Dungeon)
  3130 | D:4      | Reached XP level 5. HP: 38/42 MP: 5/5
  3306 | D:4      | Reached skill level 4 in Fighting
  3414 | D:4      | Found a glowing golden altar of the Shining One.
  3558 | D:5      | Entered Level 5 of the Dungeon
  3678 | D:5      | Noticed an orc warrior
  3722 | D:5      | Killed an orc warrior
  3722 | D:5      | Reached XP level 6. HP: 48/48 MP: 6/6
  4065 | D:5      | Noticed Blork the orc
  4076 | D:5      | Killed Blork the orc
  4267 | D:5      | Gained mutation: When hurt, damage is shared between your
                  | health and your magic reserves. [demonic ancestry]
  4267 | D:5      | Reached XP level 7. HP: 43/55 MP: 7/7
  4285 | D:5      | Reached skill level 5 in Fighting
  4551 | D:5      | Found an ancient bone altar of Kikubaaqudgha.
  4552 | D:5      | Noticed a human
  4556 | D:5      | Killed a human
  4954 | D:5      | Found a basalt altar of Yredelemnul.
  5310 | D:6      | Found a runed translucent gate.
  5311 | D:6      | Found a runed translucent gate.
  5312 | D:6      | Found a runed translucent gate.
  5320 | D:6      | Noticed Sickboy's ghost (novice DECj)
  5346 | D:6      | Reached skill level 5 in Armour
  5346 | D:6      | Reached skill level 5 in Shields
  5346 | D:6      | Reached XP level 8. HP: 47/63 MP: 6/8
  6019 | D:6      | Found an ancient bone altar of Kikubaaqudgha.
  6064 | D:6      | Found a staircase to the Ecumenical Temple.
  6081 | Temple   | Entered the Ecumenical Temple
  6326 | D:6      | Reached skill level 6 in Fighting
  6326 | D:6      | Reached skill level 5 in Long Blades
  6617 | D:6      | Noticed a komodo dragon
  6629 | D:6      | Killed a komodo dragon
  6639 | D:6      | Gained mutation: You have a pair of small antennae on your
                  | head. [demonic ancestry]
  6639 | D:6      | Reached XP level 9. HP: 49/71 MP: 7/9
  7857 | D:7      | Found a sand-covered staircase.
  7862 | Ossuary  | Entered an ossuary
  7898 | Ossuary  | Reached skill level 7 in Fighting
  9369 | D:6      | Found a hazy altar of Hepliaklqana.
  9615 | D:8      | Gained mutation: Your movements are less encumbered by
                  | armour. (ER -4) [demonic ancestry]
  9615 | D:8      | Reached XP level 10. HP: 53/80 MP: 10/10
  9911 | D:8      | Found a glowing silver altar of Zin.
  9946 | D:8      | Reached skill level 8 in Fighting
 10230 | D:8      | Found Naokorha's Book Shop.
 10432 | D:9      | Found an iron altar of Okawaru.
 10441 | D:9      | Became a worshipper of Warmaster Okawaru
 10472 | D:9      | Found a sacrificial altar of Ru.
 10535 | D:9      | Found an opulent altar of Gozag.
 10615 | D:9      | Found a staircase to the Lair.
 10713 | D:9      | Noticed a two-headed ogre
 10717 | D:9      | Noticed BritishOli's ghost (novice DsFi)
 10718 | D:9      | Noticed a centaur warrior
 10722 | D:9      | Found a transporter.
 10769 | D:9      | Found a transporter.
 10896 | D:9      | Found a radiant altar of Vehumet.
 11445 | D:10     | Entered Level 10 of the Dungeon
 11460 | D:10     | Noticed Psyche
 11734 | D:9      | Reached * piety under Okawaru
 11828 | D:10     | Killed Psyche
 12228 | D:9      | Reached skill level 9 in Fighting
 12234 | D:9      | Reached ** piety under Okawaru
 12818 | D:9      | Gained mutation: A demonic guardian rushes to your aid.
                  | [demonic ancestry]
 12818 | D:9      | Reached XP level 11. HP: 57/89 MP: 8/11
 13721 | D:11     | Identified the +9 great sword "Odopnum" {venom, Str+8
                  | Stlth-}
 13721 | D:11     | Noticed a tengu warrior
 13732 | D:11     | Found a transporter.
 13734 | D:11     | Found a transporter.
 13735 | D:11     | Found a bloodstained altar of Trog.
 13735 | D:11     | Noticed a two-headed ogre
 13741 | D:11     | Noticed miami27's ghost (journeyman GrFi)
 13742 | D:11     | Noticed a two-headed ogre
 13744 | D:11     | Found a gate leading to a gauntlet.
 13753 | Gauntlet | Entered a Gauntlet
 13753 | Gauntlet | Found a transporter.
 13753 | Gauntlet | Found a transporter.
 13765 | Gauntlet | Found a transporter.
 13780 | Gauntlet | Noticed a catoblepas
 13782 | Gauntlet | Noticed a necromancer
 13783 | Gauntlet | Found a transporter.
 13783 | Gauntlet | Found a transporter.
 13783 | Gauntlet | Found a transporter.
 13785 | Gauntlet | Found a transporter.
 13785 | Gauntlet | Found a transporter.
 13787 | Gauntlet | Noticed a hell hog
 13797 | Gauntlet | Found a transporter.
 13813 | Gauntlet | Found a transporter.
 13823 | Gauntlet | Found a transporter.
 13829 | Gauntlet | Noticed a death drake
 13829 | Gauntlet | a faun changed into a death drake
 13830 | Gauntlet | a death drake changed into a water nymph
 13836 | Gauntlet | Noticed a shining eye
 13836 | Gauntlet | a water nymph changed into a shining eye
 13837 | Gauntlet | Found a transporter.
 13841 | Gauntlet | a shining eye changed into a floating eye
 13857 | Gauntlet | Found a transporter.
 13858 | Gauntlet | Noticed a necromancer
 13868 | Gauntlet | Found a transporter.
 13981 | Gauntlet | Noticed an orb spider
 13985 | Gauntlet | Noticed a death drake
 13987 | Gauntlet | Noticed an orb spider
 13987 | Gauntlet | a yaktaur changed into an orb spider
 13991 | Gauntlet | an orb spider changed into a soldier ant
 13992 | Gauntlet | an orb spider changed into an eye of draining
 13994 | Gauntlet | Noticed an orb spider
 13994 | Gauntlet | a polar bear changed into an orb spider
 13995 | Gauntlet | an orb spider changed into a black bear
 14004 | Gauntlet | Noticed a deep troll
 14026 | Gauntlet | a deep troll changed into a redback
 14553 | Gauntlet | Killed a necromancer
 14553 | Gauntlet | Reached *** piety under Okawaru
 14682 | Gauntlet | Noticed a two-headed ogre
 14693 | Gauntlet | Noticed a harpy
 14693 | Gauntlet | a komodo dragon changed into a harpy
 14703 | Gauntlet | a two-headed ogre changed into a dream sheep
 14721 | Gauntlet | Killed a harpy
 14738 | Gauntlet | Got a smoking tin ring
 14740 | Gauntlet | Identified the ring "Ethre Izydgh" {Str+3 Int-4 Dex+6
                  | Slay+6} (You found it in a Gauntlet)
 14762 | Gauntlet | Noticed a minotaur
 14782 | Gauntlet | HP: 2/90 [minotaur/javelin (7)]
 14788 | Gauntlet | Hit by a javelin thrown by a minotaur

Illustrated notes

Levels and vault maps discovered:
D:1:      erik_arrival_orb_chamber, layout_basic
D:2:      layout_basic, old_standard_altar, lemuel_round_altar,
          grunt_decor_clamped
D:3:      layout_basic, grunt_temple_overflow_open, bloody_trog
D:4:      layout_basic, nicolae_overflow_crystal_walls, elyvilon_altar_4
D:5:      layout_basic, overflow_temple_1_default, tgw_kikubaaqudgha,
          uniq_blork_the_orc
D:6:      wad_guarded_room, layout_basic, nicolae_overflow_hidden_temple,
          minmay_temple_entry_tees, gammafunk_ghost_split, lemuel_old_faithful
D:7:      layout_gridville, enter_ossuary_5, chequers_garden
D:8:      layout_basic, overflow_temple_1_default, serial_shops,
          nicolae_shop_waterfront
D:9:      layout_layer_cave, lemuel_coloured_pillars_altar, old_standard_altar,
          nicolae_gozag_seed_capital, gammafunk_ghost_arena,
          nicolae_ru_great_annihilating_truth
D:10:     layout_rooms, uniq_psyche
D:11:     layout_grid_maze, gammafunk_ghost_wrathful_warriors, special_room
          [special_room_orc], gauntlet_entry_generic, nrook_pool_corridor
Temple:   jpeg_temple_island
Gauntlet: gammafunk_gauntlet_mixed_choke_point
          [minmay_gauntlet_arena_77_block_sizes,
          minmay_gauntlet_arena_77_museum, minmay_gauntlet_arena_77_braids,
          nicolae_gauntlet_arena_blocks, minmay_gauntlet_arena_77_fan,
          minmay_gauntlet_arena_77_tiled_triplets,
          minmay_gauntlet_arena_77_mess, gauntlet_exit_green]

Skill      XL: |  1  2  3  4  5  6  7  8  9 10 |
---------------+-------------------------------+-----
Long Blades    | 2 3 4 5 6 8 |  8.6
Armour         | 3 4 5 6 7 8 |  8.8
Shields        | 3 4 5 6 7 8 |  8.8
Fighting       | 4 5 6 7 9 |  9.6

Action                   |  1- 3 |  4- 6 |  7- 9 | 10-12 || total
-------------------------+-------+-------+-------+-------++-------
Melee: Long sword        |   105 |   214 |   160 |       ||   479
       Falchion          |       |       |   408 |   438 ||   846
Invok: Heroism           |       |       |       |     2 ||     2
  Use: Scroll            |       |     7 |     9 |     1 ||    17
       Potion            |       |       |       |     1 ||     1
 Stab: Paralysed         |       |       |       |     1 ||     1
Armor: Fire dragon scale |    74 |   125 |   281 |   177 ||   657
Dodge: Dodged            |    37 |    73 |   200 |   147 ||   457
Block: Kite shield       |    65 |   117 |   295 |   283 ||   760
       Rpst.: Long sword |    13 |    20 |    19 |       ||    52
       Falchion          |       |       |    50 |    46 ||    96

Table legend:
 A = Non-vault XP
 B = Vault XP
 C = Vault XP percentage of total XP
 D = Non-vault monster count
 E = Vault monster count
 F = Vault count percentage of total count
                 A         B        C        D         E       F
            +---------+---------+-------+---------+---------+-------
      Total |   10340 |    4917 |  32.2 |     236 |      60 |  20.3
            +---------+---------+-------+---------+---------+-------
        D:1 |      27 |       0 |   0.0 |      14 |       0 |   0.0
        D:2 |      87 |       0 |   0.0 |      20 |       0 |   0.0
        D:3 |      55 |       0 |   0.0 |       9 |       0 |   0.0
        D:4 |     144 |       0 |   0.0 |      12 |       0 |   0.0
        D:5 |     873 |      92 |   9.5 |      32 |       1 |   3.0
        D:6 |    1081 |     773 |  41.7 |      26 |      13 |  33.3
        D:7 |     795 |       0 |   0.0 |      21 |       0 |   0.0
        D:8 |    1856 |       0 |   0.0 |      41 |       0 |   0.0
        D:9 |    2848 |       6 |   0.2 |      30 |       4 |  11.8
       D:10 |    1926 |     408 |  17.5 |      27 |       1 |   3.6
       D:11 |     648 |       0 |   0.0 |       4 |       0 |   0.0
    Ossuary |       0 |     739 | 100.0 |       0 |      29 | 100.0
   Gauntlet |       0 |    2899 | 100.0 |       0 |      12 | 100.0
            +---------+---------+-------+---------+---------+-------
